 Dungeon Crawl Stone Soup version 0.31-a0-263-ge8cad7f256 (webtiles) character file.

Game seed: 7142336417825816981

259 qw the Shooter (level 5, -3/42 (45) HPs)
             Began as a Minotaur Hexslinger on July 13, 2023.
             Slain by a necrophage (7 damage)
             ... on level 4 of the Dungeon.
             The game lasted 00:01:02 (2823 turns).

qw the Shooter (Minotaur Hexslinger)                Turns: 2823, Time: 00:01:02

HP:   -3/42 (45)    AC:  5    Str: 12    XL:     5   Next: 94%
MP:   5/5           EV: 11    Int: 10    God:
Gold: 96            SH:  0    Dex: 15    Spells: 5/6 levels left

rFire   . . .        d - +0 shortbow
rCold   . . .        (shield currently unavailable)
rNeg    . . .        f - +0 ring mail
rPois   .            (helmet restricted)
rElec   .            (no cloak)
rCorr   .            (no gloves)
SInv    .            (no boots)
Will    +....        (no amulet)
Stlth   +            (no ring)
HPRegen 0.27/turn    (no ring)
MPRegen 0.09/turn

%: clarity
@: lethally poisoned (-3 -> -8), about to teleport, drained
A: horns 2, retaliatory headbutt, clarity, strong-willed 1, screaming 1
a: no special abilities


You were on level 4 of the Dungeon.
You visited 1 branch of the dungeon, and saw 4 of its levels.

You collected 96 gold pieces.


Innate Abilities, Weirdness & Mutations

You have a pair of horns on your head.
You reflexively headbutt those who attack you in melee.
You possess an exceptional clarity of mind.
You are strong-willed. (Will+)
You occasionally shout uncontrollably at your foes.


   Skills:
 + Level 3.1 Fighting
 - Level 6.1 Ranged Weapons
 - Level 1.1 Armour
 - Level 2.1 Dodging
 - Level 1.0 Spellcasting
 - Level 2.0 Hexes


You had 5 spell levels left.
You knew the following spells:

 Your Spells              Type           Power      Damage    Failure   Level
a - Slow                  Hex            16%        N/A       34%         1

Your spell library contained the following spells:

 Spells                   Type           Power      Damage    Failure   Level
 Inner Flame              Hex/Fire       2%         N/A       83%         3
 Portal Projectile        Hex/Tloc       4%         N/A       83%         3
 Cause Fear               Hex            2%         N/A       98%         4

Inventory:

Hand Weapons
 d - a +0 shortbow (weapon)
Armour
 f - a +0 ring mail (worn)
Scrolls
 a - a scroll of identify
 e - a scroll of teleportation
Potions
 g - 3 potions of enlightenment
 h - a potion of mutation
 j - 2 potions of curing

Dungeon Overview and Level Annotations

Branches:
Dungeon (4/15)
 Temple: D:4-7

Altars:


Message History

The adder barely misses you.
You shoot an arrow.
The arrow closely misses the necrophage.
The adder bites you but does no damage.
The necrophage hits you but does no damage.
The adder bites you.
You are poisoned.
The adder poisons you!
You shoot an arrow.
The arrow hits the necrophage but does no damage.
The necrophage is moderately damaged.
You feel sick. The adder completely misses you. The necrophage hits you!
The adder bites you.
You shoot an arrow. The arrow barely misses the necrophage.
You feel sick. The necrophage closely misses you. You furiously retaliate!
You headbutt the necrophage. The adder bites you but does no damage.
The necrophage hits you.
You feel drained.
You shoot an arrow.
The arrow closely misses the necrophage.
You feel sick. The adder bites you but does no damage. The adder bites you.
The necrophage hits you.
You shoot an arrow. The arrow hits the necrophage.
The necrophage is heavily damaged.
You feel sick.
You are no longer poisoned.
The adder bites you but does no damage. The necrophage hits you.
You feel drained. The adder closely misses you.
You shoot an arrow. The arrow hits the necrophage!
The necrophage is severely damaged.
The necrophage hits you.
You feel drained. The adder misses you.
2822 ||| READING 2 scrolls of teleportation.
As you read the scroll of teleportation, it crumbles to dust.
You feel strangely unstable. The adder closely misses you.
You furiously retaliate!
You headbutt the adder! The necrophage hits you.
You shoot an arrow. The arrow barely misses the necrophage.
The adder bites you.
You are lethally poisoned!
The adder poisons you! The necrophage hits you!
You die...

#.........##....
#.......##...... ##
#.......#.......
##.##...............
#..#................
#....##..###....#...
##.......###....##
#......####...###
##.....# #@.###
##...###nS##
##.)....##Z.
#..#.#...##..
#<.###....###. #...#
.....# #.
..#......... ##
##...........
..#.........


You could see a necrophage, an adder and a hound skeleton.

Vanquished Creatures
  3 hounds (D:3)
  A jelly (D:4)
  Robin (D:3)
  A gnoll (D:3)
  5 adders
  A worm (D:2)
  An orc (D:4)
  7 endoplasms
  3 giant cockroaches
  10 goblins
  6 hobgoblins
  5 jackals (D:1)
  A quokka (D:3)
  4 ball pythons
  8 bats
  4 frilled lizards
  6 kobolds
  2 rats
69 creatures vanquished.

Notes
Turn   | Place    | Note
-------+----------+-------------------------------------------
     0 | D:1      | qw the Minotaur Hexslinger began the quest for the Orb.
     0 | D:1      | Reached XP level 1. HP: 16/16 MP: 1/1
     0 | D:1      | 0 ||| qw: Version: 0.3-a-52-g30416fa
     0 | D:1      | 0 ||| qw: Game counter: 7467
     0 | D:1      | 0 ||| qw: Melee chars always use a shield: true
     0 | D:1      | 0 ||| qw: God list: Okawaru
     0 | D:1      | 0 ||| qw: Allow faded altars: false
     0 | D:1      | 0 ||| qw: Do Orc after clearing Dungeon:15 true
     0 | D:1      | 0 ||| qw: Do second Lair branch before Depths: true
     0 | D:1      | 0 ||| qw: Lair rune preference: random
     0 | D:1      | 0 ||| qw: Goals: Normal
     0 | D:1      | 0 ||| PLANNING D:1-11
   170 | D:1      | Reached skill level 3 in Ranged Weapons
   221 | D:1      | Reached XP level 2. HP: 23/23 MP: 2/2
   822 | D:1      | 822 ||| UPGRADING to +0 ring mail.
   832 | D:1      | 832 ||| DROPPING +0 robe.
   833 | D:1      | 833 ||| READING scroll labelled LATEAXTEME.
   834 | D:1      | 834 ||| READING 2 scrolls labelled FIKYR MUGRE.
   839 | D:1      | 839 ||| READING scroll labelled WADUPT SEHIC.
   840 | D:1      | 840 ||| READING scroll labelled QADEHU YCATITWES.
   841 | D:1      | 841 ||| DRINKING 3 dark potions.
   842 | D:1      | 842 ||| DROPPING scroll of poison.
   923 | D:2      | Found a faded altar of an unknown god.
   941 | D:2      | Reached XP level 3. HP: 23/29 MP: 3/3
  1172 | D:2      | Reached skill level 4 in Ranged Weapons
  1260 | D:2      | Reached skill level 1 in Armour
  1466 | D:2      | 1466 ||| READING scroll labelled EDANWU SOPOPH.
  1467 | D:2      | 1467 ||| DRINKING 2 amethyst potions.
  1467 | D:2      | Gained mutation: You occasionally shout uncontrollably at
                  | your foes. [potion of mutation]
  1467 | D:2      | Gained mutation: You possess an exceptional clarity of
                  | mind. [potion of mutation]
  1467 | D:2      | Gained mutation: You are strong-willed. (Will+) [potion of
                  | mutation]
  1555 | D:3      | Reached XP level 4. HP: 23/36 MP: 4/4
  1645 | D:3      | Reached skill level 5 in Ranged Weapons
  1648 | D:3      | Reached XP level 5. HP: 12/41 MP: 5/5
  2168 | D:3      | Noticed Robin
  2173 | D:3      | Reached skill level 3 in Fighting
  2189 | D:3      | Killed Robin
  2304 | D:3      | 2304 ||| SWAPPING to +0 shortbow.
  2305 | D:3      | 2305 ||| DROPPING +1 sling.
  2568 | D:3      | 2568 ||| DROPPING scarf of invisibility.
  2569 | D:3      | 2569 ||| DRINKING 3 cyan potions.
  2570 | D:3      | 2570 ||| READING 2 scrolls of identify.
  2570 | D:3      | 2570 ||| IDENTIFYING smoky pink potion
  2571 | D:3      | 2571 ||| DROPPING potion of berserk rage.
  2627 | D:4      | 2627 ||| FLEEEEING.
  2628 | D:4      | 2628 ||| FLEEEEING.
  2629 | D:4      | 2629 ||| STAIRDANCE
  2656 | D:4      | 2656 ||| STAIRDANCE
  2791 | D:4      | Reached skill level 6 in Ranged Weapons
  2821 | D:4      | HP: 10/43 [necrophage (3)]
  2822 | D:4      | 2822 ||| READING 2 scrolls of teleportation.
  2823 | D:4      | HP: 4/42 [adder (4)]
  2823 | D:4      | Slain by a necrophage

Levels and vault maps discovered:
D:1:      heliophobic_arrival_battle_scene, layout_loops_corners
D:2:      layout_rooms, chequers_ecumenical_altar_island
D:3:      layout_loops_cross, cheibrodos_gnoll_hut, uniq_robin
D:4:      layout_cave_pools, makhleb_blood_cavern_becter, temple_pool_b

Skill      XL: |  1  2  3  4  5 |
---------------+----------------+-----
Ranged Weapons | 3 4 5 6 |  6.1
Fighting       | 2 3 |  3.1
Armour         | 1 |  1.1
Dodging        | |  2.1
Spellcasting   | |  1.0
Hexes          | |  2.0

Action                     |  1- 3 |  4- 6 || total
---------------------------+-------+-------++-------
   Fire: Sling             |   125 |    79 ||   204
         Shortbow          |       |    35 ||    35
    Use: Scroll            |     5 |     2 ||     7
         Potion            |     2 |     1 ||     3
 Armour: Robe              |     8 |       ||     8
         Ring mail         |     7 |    37 ||    44
  Dodge: Dodged            |    35 |    52 ||    87

Table legend:
 A = Non-vault XP
 B = Vault XP
 C = Vault XP percentage of total XP
 D = Non-vault monster count
 E = Vault monster count
 F = Vault count percentage of total count
                 A         B        C        D         E       F
            +---------+---------+-------+---------+---------+-------
      Total |     232 |     138 |  37.3 |      55 |      14 |  20.3
            +---------+---------+-------+---------+---------+-------
        D:1 |      33 |       0 |   0.0 |      20 |       0 |   0.0
        D:2 |      49 |       0 |   0.0 |      17 |       0 |   0.0
        D:3 |      91 |     138 |  60.3 |      15 |      14 |  48.3
        D:4 |      59 |       0 |   0.0 |       3 |       0 |   0.0
            +---------+---------+-------+---------+---------+-------
